 Dungeon Crawl Stone Soup version 0.16-a0-3803-gd4b2de5 (webtiles) character file.

334 Ololoev the Conjurer (level 6, -1/36 HPs)
             Began as an Octopode Fire Elementalist on Jan 26, 2015.
             Killed from afar by an orc wizard (3 damage)
             ... with a magic dart
             ... on level 4 of the Dungeon.
             The game lasted 00:13:20 (4307 turns).

Ololoev the Conjurer (Octopode Fire Elementalist)   Turns: 4307, Time: 00:13:21

Health: -1/36      AC:  3    Str:  8    XL:     6   Next: 53%
Magic:  0/11       EV: 12    Int: 19    God:
Gold:   166        SH:  0    Dex: 15    Spells: 2 memorised, 6 levels left

rFire  + . .     SeeInvis .     (no weapon)
rCold  x . .     Clarity  .     (no shield)
rNeg   . . .     SustAb   .     (helmet restricted)
rPois  .         Gourm    .     (no amulet)
rElec  .         Spirit   .     f - ring of flight
rCorr  .         Warding  .     o - +2 ring of protection
rMut   .         Stasis   .     x - +3 ring of dexterity
MR     .....                    B - ring of fire
Stlth  +++.......               (no ring)
                                (no ring)
                                (no ring)
                                (no ring)

@: not resistant to hostile enchantments, fairly stealthy
A: almost no armour, amphibious, 8 rings, constrict 8, camouflage 1, gelatinous
body 1
a: Evoke Flight


You were on level 4 of the Dungeon.
You were not hungry.

You visited 1 branch of the dungeon, and saw 4 of its levels.

You collected 166 gold pieces.

Notes
Turn   | Place    | Note
--------------------------------------------------------------
     0 | D:1      | Ololoev, the Octopode Fire Elementalist, began the quest for the Orb.
     0 | D:1      | Reached XP level 1. HP: 11/11 MP: 3/3
   344 | D:1      | Reached XP level 2. HP: 13/17 MP: 0/4
  1142 | D:1      | Reached XP level 3. HP: 13/21 MP: 4/6
  1147 | D:1      | Learned a level 3 spell: Conjure Flame
  2713 | D:3      | Reached XP level 4. HP: 18/27 MP: 1/8
  2824 | D:3      | Found a white marble altar of Elyvilon.
  2967 | D:3      | Found a snail-covered altar of Cheibriados.
  3583 | D:3      | Reached XP level 5. HP: 31/31 MP: 1/9
  4037 | D:3      | Reached skill level 4 in Fire Magic
  4126 | D:4      | Reached XP level 6. HP: 36/36 MP: 4/11
  4247 | D:4      | Found a deep blue altar of Sif Muna.
  4273 | D:4      | Found a sparkling altar of Nemelex Xobeh.
  4307 | D:4      | Killed from afar by an orc wizard

Inventory:

Jewellery
 f - a ring of flight (left tentacle)
 o - a +2 ring of protection (right tentacle)
 x - a +3 ring of dexterity (on tentacle)
 B - a ring of fire (on tentacle)
Scrolls
 a - 3 scrolls of remove curse {unknown}
 d - 2 scrolls of teleportation {unknown}
 g - a scroll of fear {unknown}
 k - 3 scrolls of fog {unknown}
 l - a scroll of immolation {unknown}
 m - a scroll of blinking {unknown}
 n - a scroll of enchant armour {unknown}
 s - a scroll of random uselessness {unknown}
 y - a scroll of enchant weapon {unknown}
Potions
 e - a potion of lignification {unknown}
 i - a potion of might {unknown}
 p - a potion of heal wounds
 q - a potion of cancellation {unknown}
 r - a potion of invisibility {unknown}
 t - a potion of haste {unknown}
 u - a potion of ambrosia {unknown}
 v - a potion of agility {unknown}
 z - a potion of brilliance {unknown}
Books
 b - a book of Flames

   Spells                             Type                      Level
   a - Flame Tongue                   Conjuration/Fire             1
   b - Throw Flame                    Conjuration/Fire             2
   c - Conjure Flame                  Conjuration/Fire             3
   d - Inner Flame                    Hexes/Fire                   3
   e - Sticky Flame                   Conjuration/Fire             4
   f - Fireball                       Conjuration/Fire             5
Comestibles
 c - 3 bread rations
 h - 3 chunks of flesh
 A - 2 meat rations

Table legend:
 A = Turns spent in this place as a percentage of turns spent in the entire game.
 B = Non-inter-level travel turns spent in this place as a percentage of non-inter-level travel turns spent in the entire game.
 C = Inter-level travel turns spent in this place as a percentage of turns spent in this place.
 D = Turns resting spent in this place as a percentage of non-inter-level travel turns spent in this place.
 E = Turns spent auto-exploring this place as a percentage of non-inter-level travel turns spent in this place.
 F = Non-inter-level travel turns spent in this place divided by the number of levels of this place that you've seen.
                   A       B       C       D       E      F
               +-------+-------+-------+-------+-------+----------------------
         Total | 100.0 | 100.0 |   0.4 |  10.1 |  11.1 | 248.0
       Dungeon | 100.0 | 100.0 |   0.4 |  10.1 |  11.1 | 248.0
               +-------+-------+-------+-------+-------+----------------------


   Skills:
 - Level 2.0 Dodging
 - Level 2.6 Stealth
 - Level 2.7 Spellcasting
 * Level 4.9 Conjurations
 + Level 4.5 Fire Magic


You had 6 spell levels left.
You knew the following spells:

 Your Spells              Type           Power        Failure   Level  Hunger
a - Flame Tongue          Conj/Fire      ####.        2%          1    None
b - Conjure Flame         Conj/Fire      ####....     10%         3    ###....


Dungeon Overview and Level Annotations

Branches:
Dungeon (4/15)
 Temple: D:4-7

Altars:
Cheibriados
Elyvilon
Nemelex Xobeh
Sif Muna


Innate Abilities, Weirdness & Mutations

You cannot wear most types of armour.
You are amphibious.
You can wear up to eight rings at the same time.
You can use your tentacles to constrict many enemies at once.
Your skin changes colour to match your surroundings (Stealth).
Your rubbery body absorbs attacks (AC +1).


Message History

Press: ? - help, Shift-Dir - straight line, f - orc wizard
Aim: an orc wizard, wielding a dagger and wearing a robe You feel a surge of power!
The flame tongue hits the orc wizard.
The orc wizard is moderately wounded.
You hear the rusting of a distant drain.
Casting: Flame Tongue
Confirm with . or Enter, or press ? or * to list all spells.
Aiming: Flame Tongue
Press: ? - help, Shift-Dir - straight line, f/p - orc wizard
Aim: an orc wizard, wielding a dagger and wearing a robe (moderately wounded)
You feel a surge of power!
The flame tongue hits the orc wizard.
The orc wizard is heavily wounded.
The orc wizard hits you but does no damage.
You tentacle-slap the orc wizard. Your grab misses the orc wizard.
The orc wizard is heavily wounded.
The orc wizard hits you but does no damage.
You barely miss the orc wizard. You grab the orc wizard.
You squeeze the orc wizard, but do no damage.
The orc wizard is heavily wounded.
You constrict the orc wizard. The orc hits you with a short sword.
The orc wizard barely misses you.
Casting: Flame Tongue
Confirm with . or Enter, or press ? or * to list all spells.
Aiming: Flame Tongue
Press: ? - help, Shift-Dir - straight line, f/p - orc wizard
Aim: an orc wizard, wielding a dagger and wearing a robe (severely wounded, constricted by you)
You feel a surge of power!
The flame tongue hits the orc wizard.
The orc wizard is almost dead.
You constrict the orc wizard. The orc hits you with a short sword.
The orc wizard mumbles some strange words.
The orc wizard seems to speed up.
You tentacle-slap the orc wizard.
You kill the orc wizard!
The orc hits you but does no damage.
An orc wizard comes into view. It is wielding a dagger.
You barely miss the orc. Your grab misses the orc.
The orc completely misses you.
The orc wizard points at you and mumbles some strange words.
The magic dart hits you!
You die...

,,,,,* ****####...........#
,,,,,* *,,....#.8.....8...#
,,,,,* *,,....#....>......#
,,,,,* *,,....##.......#..#
,,,,,* *,,....###(....##..#####
,,,,,** ****#....#######...'.#..
,,,,,,*#######.#*#..o.o.....#.#.#
,,,.#.##..(....###.####.....#.#.#
,,..._))..(....o@).# #.#.....#.#
,,,.#.#...(.((###### #.#...#'#.#
,,,*#.........# #.#........
,,,*##....#####*******#.'........
,,,* #%...* *,,,,,*###........
,,,* #....* *****,***#........
,,,* *....* *,,,,+........
,,,***,...************,,#........
,,,,,,,,,,+,,,,,,,,,,,,,*........


You could see an orc wizard and an orc.

Table legend:
 A = Kills in this place as a percentage of kills in entire the game.
 B = Kills by you in this place as a percentage of kills by you in the entire game.
 C = Kills by friends in this place as a percentage of kills by friends in the entire game.
 D = Other kills in this place as a percentage of other kills in the entire game.
 E = Experience gained in this place as a percentage of experience gained in the entire game.
 F = Experience gained in this place divided by the number of levels of this place that you have seen.
                   A       B       C       D       E      F
               +-------+-------+-------+-------+-------+----------------------
         Total | 100.0 | 100.0 |  -nan |  -nan | 100.0 | 119.5
       Dungeon | 100.0 | 100.0 |  -nan |  -nan | 100.0 | 119.5
               +-------+-------+-------+-------+-------+----------------------

Vanquished Creatures
  3 orc priests (D:4)
  2 orc wizards (D:4)
  7 gnolls
  3 adders
  4 worms (D:3)
  13 orcs
  A ball python (D:1)
  7 giant cockroaches (D:1)
  10 goblins
  4 jackals (D:1)
  A quokka (D:2)
  10 bats
  3 giant newts
  5 kobolds
  7 rats
80 creatures vanquished.

Action                   |  1- 3 |  4- 6 || total
-------------------------+-------+-------++-------
Melee: Unarmed           |    43 |    31 ||    74
 Cast: Flame Tongue      |    51 |    79 ||   130
       Conjure Flame     |       |     6 ||     6
  Use: Scroll            |       |     4 ||     4
 Stab: Sleeping          |     2 |     2 ||     4
  Eat: Chunk             |     4 |     6 ||    10
       Pizza             |       |     1 ||     1

Vault maps used:
D:1:      elethiomel_arrival_shortcut, minmay_misc_feat_rows,
          serial_park_tiny_2, minmay_misc_feat_chi
D:2:      first_bread, minivault_26
D:3:      nicolae_overflow_hidden_temple, cheibriados_altar_1
D:4:      lemuel_crystal_altar, led_sif_book, lemuel_temple_firewalk_marked,
          gup_sewer_entry_pipe, grunt_ministairs_9
